 Dungeon Crawl Stone Soup version 0.29-a0-925-g0a7a3d12f8 (webtiles) character file.

Game seed: 5769771979748888827

38277 manyhoops the Brawler (level 13, -2/136 HPs)
             Began as a Demigod Transmuter on July 28, 2022.
             Slain by an orc warrior
             ... wielding a +0 war axe
              (27 damage)
             ... on level 2 of the Orcish Mines.
             The game lasted 00:33:10 (17599 turns).

manyhoops the Brawler (Demigod Transmuter)         Turns: 17599, Time: 00:33:10

Health: -2/136     AC: 12    Str: 26    XL:     13   Next: 30%
Magic:  0/23       EV: 15    Int: 19    God:
Gold:   1303       SH:  0    Dex: 14    Spells: 11/20 levels left

rFire   x . .      SeeInvis .     - Unarmed
rCold   + + .      Faith    .   (shield currently unavailable)
rNeg    . . .      Spirit   +   (body armour currently unavailable)
rPois   +          Reflect  .   (helmet currently unavailable)
rElec   .          Harm     .   (cloak currently unavailable)
rCorr   .          Rampage  .   (gloves currently unavailable)
Will    +....                   (boots currently unavailable)
Stlth   ++........              l - amulet of the Cricket {Spirit rPois rC- Regen+ Stlth+}
HPRegen 1.12/turn               t - +4 ring of protection
MPRegen 0.18/turn               J - ring of Satisfaction {rPois EV+4 Str+3}

@: mighty, ice-form
A: freezing attack, amphibious, boosted hp, large, high MP 1, forlorn, divine
attributes
a: End Transformation


You were on level 2 of the Orcish Mines.
You were a creature of crystalline ice.
You visited 2 branches of the dungeon, and saw 14 of its levels.
You also visited: Sewer.

You collected 1463 gold pieces.
You spent 160 gold pieces at shops.

Inventory:

Hand Weapons
 v - the +7 war axe of Infection (melded) {vamp, *Corrode +Blink rN+ Int+3}
   (You found it on level 7 of the Dungeon)

   It occasionally heals its wielder for a portion of the damage dealt when it
   wounds a living foe.
   Int:       It affects your intelligence (+3).
   rN:        It protects you from negative energy.
   +Blink:    It lets you blink.
   *Corrode:  It may corrode you when you take damage.
 P - a +0 dagger
Armour
 o - a +0 helmet
 r - a +0 pair of gloves (melded)
 y - a +0 pair of boots (melded)
 z - a +3 leather armour of fire resistance (melded)
 A - a +1 hat (melded)
 K - the +5 plate armour "Tazxaqys" {rCorr Int+7 Stlth-}
   (You found it on level 9 of the Dungeon)

   Int:       It affects your intelligence (+7).
   rCorr:     It protects you from acid and corrosion.
   Stlth:     It makes you less stealthy.
 Q - a +2 robe of willpower
Jewellery
 l - the amulet of the Cricket (around neck) {Spirit rPois rC- Regen+ Stlth+}
   (You found it on level 2 of the Dungeon)

   [amulet of guardian spirit]

   It causes incoming damage to be divided between your reserves of health and
   magic.
   rC:        It makes you vulnerable to cold.
   rPois:     It protects you from poison.
   Regen:     It increases your rate of health regeneration.
   Stlth:     It makes you more stealthy.
 p - the amulet of Exerphi {Spirit rElec rF+ Dex-2}
   (You found it on level 4 of the Dungeon)

   [amulet of guardian spirit]

   It causes incoming damage to be divided between your reserves of health and
   magic.
   Dex:       It affects your dexterity (-2).
   rF:        It protects you from fire.
   rElec:     It insulates you from electricity.
 q - an amulet of magic regeneration
 t - a +4 ring of protection (left front paw)
 J - the ring of Satisfaction (right front paw) {rPois EV+4 Str+3}
   (You found it on level 9 of the Dungeon)

   [ring of evasion]

   EV:        It affects your evasion (+4).
   Str:       It affects your strength (+3).
   rPois:     It protects you from poison.
 O - a ring of magical power
Wands
 s - a wand of charming (12)
 w - a wand of iceblast (20)
 B - a wand of mindburst (25)
 E - a wand of flame (29)
Scrolls
 c - 3 scrolls of immolation
 d - 3 scrolls of butterflies
 f - a scroll of teleportation
 n - 3 scrolls of enchant weapon
 u - 5 scrolls of noise
 x - 3 scrolls of poison
 F - a scroll of silence {unknown}
 H - a scroll of magic mapping
 I - 2 scrolls of torment
 L - 2 scrolls of fear
 M - a scroll of summoning
Potions
 a - 3 potions of ambrosia
 b - 3 potions of lignification
 e - a potion of cancellation
 g - 3 potions of might
 h - a potion of heal wounds
 i - a potion of mutation
 j - 7 potions of curing
 k - a potion of berserk rage
 m - 5 potions of flight
 C - 2 potions of haste
 D - a potion of invisibility
 G - a potion of attraction
 N - 2 potions of brilliance


   Skills:
 + Level 10.7 Fighting
 - Level 5.0 Dodging
 + Level 15.8 Unarmed Combat
 - Level 4.1 Spellcasting
 - Level 7.9 Transmutations
 - Level 4.8 Ice Magic


You had 11 spell levels left.
You knew the following spells:

 Your Spells              Type           Power      Damage    Failure   Level
a - Beastly Appendage     Tmut           68%        N/A       1%          1
b - Wereblood             Tmut           34%        N/A       1%          2
c - Scorch                Fire           6%         2d5       21%         2
d - Ice Form              Ice/Tmut       28%        N/A       10%         4

Your spell library contained the following spells:

 Spells                   Type           Power      Damage    Failure   Level
 Spider Form              Tmut/Pois      19%        N/A       8%          3
 Foxfire                  Conj/Fire      12%        2x1d4     14%         1
 Conjure Flame            Conj/Fire      3%         6-21      38%         3
 Dazzling Flash           Conj/Hex       6%         N/A       38%         3
 Gell's Gravitas          Tloc           3%         N/A       38%         3
 Inner Flame              Hex/Fire       3%         N/A       38%         3
 Lesser Beckoning         Tloc           3%         N/A       38%         3
 Teleport Other           Tloc           3%         N/A       38%         3
 Flame Wave               Conj/Fire      3%         2d5       80%         4
 Iskenderun's Mystic Bla  Conj/Tloc      3%         2d3       80%         4
 Starburst                Conj/Fire      1%         6d3       100%        6
 Summon Cactus Giant      Summ           1%         N/A       100%        6


Dungeon Overview and Level Annotations

Branches:
Dungeon (12/15)            Temple (0/1) D:4            Lair (0/5) D:11
    Orc (2/2) D:11            Elf (0/3) Orc:2         Sewer (visited)

Shops:
D:9 *   Orc:1 !   Orc:2 [

Portals:
Abyss: D:12

Annotations:
D:6 1 runed translucent door, wilfster70's ghost, novice KoDe


Innate Abilities, Weirdness & Mutations

You are a creature of crystalline ice.
You have a powerful freezing melee attack.
You are amphibious.
Your maximum health is increased.
Your armour is entirely melded.
You are incapable of wielding weapons or throwing items.
You have an increased reservoir of magic. (+10% MP)
You shall have no god before yourself.
Your divine heritage dramatically boosts your attributes as you level up.


Message History

You kill the orc knight!
Unknown command.
You pummel the orc high priest!! You freeze the orc high priest!
The orc high priest is severely wounded.
The smoke demon gestures at you. The ball of steam hits you!!!
The steam scalds you terribly!
* * * LOW HITPOINT WARNING * * *
The smoke demon hits you but does no damage. x2
The smoke demon barely misses you.
The orc high priest completely misses you.
Unknown command.
You barely miss the orc high priest.
The orc high priest is severely wounded.
You are engulfed in a cloud of scalding steam.
* * * LOW HITPOINT WARNING * * *
The smoke demon closely misses you. x2; The smoke demon barely misses you.
The orc high priest barely misses you.
Unknown command.
Unknown command.
Okay, then.
You pummel the orc high priest!! You freeze the orc high priest.
You kill the orc high priest!
The smoke demon disappears in a puff of smoke! x2
You are engulfed in a cloud of scalding steam.
* * * LOW HITPOINT WARNING * * *
Unknown command.
Unknown command.
You feel very mighty all of a sudden.
You are engulfed in a cloud of scalding steam.
* * * LOW HITPOINT WARNING * * *
The orc warrior completely misses you.
The orc warrior attacks as you move away!
The orc warrior barely misses you.
The orc warrior attacks as you move away!
The orc warrior hits you but does no damage.
You are engulfed in a cloud of scalding steam.
The orc warrior is engulfed in a cloud of scalding steam.
The orc warrior attacks as you move away!
The orc warrior hits you with a +0 war axe!!
You die...

#...#...#...# #.........
##...........###.........
#....#..)#....##.........
#.............##.........
#....#..o#....##..[......
#........)....##..)[.....
#....#..§#....##.....)#..
#.....oo)...###.........
#...#..Y#...# #.........
##.........## #.........
#..#...#..# #......##.
##.......## #...#.###.
#######..)#######......#..
#...............#.[.....∩.
#.........).....#)[.......
................))........
..............)...........


You could see 2 orc warriors and an orc priest.

Vanquished Creatures
  2 boulder beetles (D:12)
  3 hydras
  2 centaur warriors (D:9)
  An ogre mage (D:12)
  5 two-headed ogres
  6 orc high priests (Orc:2)
  2 deep elf pyromancers
  6 orc knights (Orc:2)
  4 ugly things (D:12)
  3 manticores
  2 orc sorcerers
  3 cyclopes (D:12)
  Joseph (D:8)
  2 gargoyles
  Psyche (D:12)
  6 kobold demonologists
  2 unseen horrors
  2 komodo dragons
  A meliai (D:9)
  5 trolls
  2 hornets
  A shadow (D:10)
  4 wraiths
  5 wyverns
  A basilisk (D:12)
  11 yaks
  A water elemental (D:11)
  A vampire mosquito (D:9)
  Edmund (D:6)
  An acid dragon (D:11)
  Duvessa (D:7)
  A water moccasin (D:5)
  A black bear (D:6)
  33 orc warriors
  2 ice beasts
  7 ogres
  A tengu (shapeshifter) (D:9)
  3 wolves (D:11)
  11 centaurs
  2 phantoms
  7 kobold brigands
  3 gnoll sergeants (D:11)
  A bullfrog (D:9)
  2 wyvern zombies (D:8)
  A scorpion (D:6)
  3 necrophages
  14 wights
  Dowan (D:7)
  9 killer bees
  5 electric eels
  A howler monkey (D:6)
  A centaur zombie (D:8)
  4 jellies
  A quasit (D:6)
  10 hounds
  2 gnoll boudas
  23 orc priests
  Jessica (D:2)
  4 iguanas
  12 orc wizards
  A killer bee zombie (D:8)
  A howler monkey zombie (D:8)
  9 gnolls
  14 adders
  8 river rats
  5 shadow imps
  2 white imps
  An ufetubus (D:4)
  4 worms
  3 dart slugs
  77 orcs
  11 bats
  7 endoplasms
  4 giant cockroaches
  10 goblins
  7 hobgoblins
  5 jackals
  10 quokkas
  14 ball pythons
  5 frilled lizards
  18 kobolds
  6 rats
476 creatures vanquished.

Vanquished Creatures (others)
  A black bear (D:5)
  An ogre (D:5)
  A scorpion (D:5)
  2 iguanas (D:5)
  An adder (D:5)
  A worm (D:5)
  A demonic plant (D:6)
  19 fungi (D:8)
  5 withered plants (D:8)
32 creatures vanquished.

Grand Total: 508 creatures vanquished

Notes
Turn   | Place    | Note
-------+----------+-------------------------------------------
     0 | D:1      | manyhoops the Demigod Transmuter began the quest for the
                  | Orb.
     0 | D:1      | Reached XP level 1. HP: 15/15 MP: 5/5
    17 | D:1      | Reached skill level 1 in Fighting
   585 | D:1      | Reached skill level 3 in Unarmed Combat
   708 | D:1      | Reached XP level 2. HP: 23/23 MP: 5/7
  1634 | D:1      | Learned a level 2 spell: Wereblood
  1853 | D:2      | Reached XP level 3. HP: 18/28 MP: 6/8
  2664 | D:2      | Identified the amulet of the Cricket {Spirit rPois rC-
                  | Regen+ Stlth+}
  2903 | D:2      | Noticed Jessica
  2905 | D:2      | Killed Jessica
  2906 | D:2      | Reached skill level 4 in Unarmed Combat
  3009 | D:2      | Reached XP level 4. HP: 34/36 MP: 9/9
  3286 | D:3      | Found a glowing drain.
  3335 | D:3      | Reached XP level 5. HP: 35/41 MP: 0/10
  3350 | Sewer    | Entered a sewer
  3364 | Sewer    | Reached skill level 5 in Unarmed Combat
  4631 | D:3      | Reached XP level 6. HP: 38/50 MP: 7/11
  5334 | D:4      | Identified the amulet of Exerphi {Spirit rElec rF+ Dex-2}
  5492 | D:4      | Found a staircase to the Ecumenical Temple.
  6216 | D:5      | Entered Level 5 of the Dungeon
  6282 | D:5      | Learned a level 2 spell: Scorch
  6392 | D:5      | Reached XP level 7. HP: 48/56 MP: 4/15
  6675 | D:5      | Learned a level 4 spell: Ice Form
  6811 | D:5      | Reached skill level 1 in Ice Magic
  7060 | D:5      | Reached XP level 8. HP: 45/62 MP: 8/17
  8047 | D:6      | Reached skill level 5 in Transmutations
  8329 | D:6      | Noticed Edmund
  8351 | D:6      | Killed Edmund
  8486 | D:6      | Found a runed translucent door.
  8487 | D:6      | Noticed wilfster70's ghost (novice KoDe)
  8488 | D:6      | Noticed a +1 whip of chaos
  8991 | D:7      | Noticed Duvessa
  8992 | D:7      | Noticed Dowan
  8996 | D:7      | Reached XP level 9. HP: 57/68 MP: 10/18
  9019 | D:7      | Killed Duvessa
  9021 | D:7      | Killed Dowan
  9169 | D:7      | Identified the +7 war axe of Infection {vamp, *Corrode
                  | +Blink rN+ Int+3}
  9271 | D:7      | Reached skill level 6 in Unarmed Combat
  9763 | D:8      | Noticed Joseph
  9780 | D:8      | Killed Joseph
  9781 | D:8      | Reached skill level 7 in Unarmed Combat
  9926 | D:8      | Reached skill level 8 in Unarmed Combat
 11014 | D:9      | Reached XP level 10. HP: 78/78 MP: 12/19
 11106 | D:9      | Reached skill level 9 in Unarmed Combat
 11160 | D:9      | Identified the ring of Satisfaction {rPois EV+4 Str+3}
 11181 | D:9      | Found Ihezitt's Assorted Antiques.
 11181 | D:9      | Identified the +5 plate armour "Tazxaqys" {rCorr Int+7
                  | Stlth-}
 11395 | D:9      | Reached skill level 5 in Dodging
 11405 | D:9      | Noticed a centaur warrior
 11417 | D:9      | Killed a centaur warrior
 11443 | D:9      | Noticed a centaur warrior
 11463 | D:9      | Killed a centaur warrior
 11464 | D:9      | Reached skill level 5 in Fighting
 11464 | D:9      | Reached skill level 10 in Unarmed Combat
 11608 | D:9      | Noticed a manticore
 11614 | D:9      | Killed a manticore
 11663 | D:9      | Noticed a deep elf pyromancer
 11669 | D:9      | Killed a deep elf pyromancer
 11670 | D:9      | Reached XP level 11. HP: 37/88 MP: 5/21
 12086 | D:10     | Entered Level 10 of the Dungeon
 12218 | D:10     | Reached skill level 11 in Unarmed Combat
 12397 | D:10     | Identified the +1 buckler of Filth {Harm rCorr Int+2 Dex+4}
 12715 | D:10     | Noticed a two-headed ogre
 12720 | D:10     | Killed a two-headed ogre
 13349 | D:11     | Reached skill level 12 in Unarmed Combat
 13462 | D:11     | Found a staircase to the Lair.
 13558 | D:11     | Noticed a two-headed ogre
 13570 | D:11     | Killed a two-headed ogre
 13701 | D:11     | Noticed a two-headed ogre
 13857 | D:12     | Noticed an eight-headed hydra
 13862 | D:12     | Killed an eight-headed hydra
 13903 | D:12     | Reached skill level 13 in Unarmed Combat
 13977 | D:12     | Noticed a two-headed ogre
 13985 | D:12     | Killed a two-headed ogre
 14032 | D:12     | Noticed Psyche
 14043 | D:12     | Killed Psyche
 14262 | D:12     | Noticed an eight-headed hydra
 14272 | D:12     | Killed an eight-headed hydra
 14273 | D:12     | Reached XP level 12. HP: 95/100 MP: 12/22
 14512 | D:12     | Noticed a boulder beetle
 14512 | D:12     | Noticed a boulder beetle
 14513 | D:12     | Noticed an ogre mage
 14523 | D:12     | Killed a boulder beetle
 14529 | D:12     | Reached skill level 14 in Unarmed Combat
 14536 | D:12     | Killed a boulder beetle
 14645 | D:12     | Killed an ogre mage
 14744 | D:12     | Found a one-way gate to the infinite horrors of the Abyss.
 14911 | D:12     | Found a large runed translucent door.
 14926 | D:12     | Found a large runed translucent door.
 15321 | D:11     | Killed a two-headed ogre
 15322 | D:11     | Reached skill level 15 in Unarmed Combat
 15377 | D:11     | Noticed a two-headed ogre
 15381 | D:11     | Killed a two-headed ogre
 15407 | D:11     | Identified the +6 spear "Jouzes" {speed, rF+ Will+ SInv
                  | Stlth+}
 15492 | D:11     | Noticed a five-headed hydra
 15504 | D:11     | Killed a five-headed hydra
 15812 | D:11     | Found a staircase to the Orcish Mines.
 16138 | Orc:1    | Entered Level 1 of the Orcish Mines
 16138 | Orc:1    | Found Pelaeh's Distillery.
 16151 | Orc:1    | Bought a potion of heal wounds for 50 gold pieces
 16151 | Orc:1    | Bought a potion of heal wounds for 50 gold pieces
 16151 | Orc:1    | Bought a potion of curing for 30 gold pieces
 16151 | Orc:1    | Bought a potion of curing for 30 gold pieces
 16361 | Orc:2    | Entered Level 2 of the Orcish Mines
 16892 | Orc:2    | Found Rosop's Armour Shop.
 16967 | Orc:2    | Reached XP level 13. HP: 111/111 MP: 10/23
 17080 | Orc:2    | Reached skill level 10 in Fighting
 17223 | Orc:2    | Found a staircase to the Elven Halls.
 17599 | Orc:2    | Slain by an orc warrior

Illustrated notes

Levels and vault maps discovered:
D:1:      scummos_arrival_forest, layout_rooms, ebering_ecumenical_altar_webs,
          minmay_misc_feat_ornament, eino_curves_02, st_stairs_4
D:2:      layout_basic, uniq_jessica
D:3:      layout_basic, portal_sewer_entry_a
D:4:      layout_loops_corners, gammafunk_temple_overflow_elements,
          minmay_temple_entry_poolview, hex_large,
          hangedman_abyss_or_decor_stabs, chequers_serial_rivers_micro_d,
          minmay_misc_feat_encased
D:5:      layout_basic, vehumet_crystals, xom_confusion_cloud
D:6:      layout_basic, ebering_ghost_xom, serial_demonic, serial_demonic_b,
          serial_demonic_b, serial_demonic_f, serial_demonic_d, uniq_edmund
D:7:      layout_basic, uniq_duvessa
D:8:      layout_basic, nicolae_overflow_squiral, serial_undead,
          serial_undead_c, serial_undead_e, serial_undead_c, serial_undead_d,
          minivault_24, dreamdust_mushroom_princess, uniq_joseph
D:9:      hangedman_cross_veins, layout_cave_pools, okawaru_trees_2,
          serial_shops, shop
D:10:     layout_layer_cave
D:11:     layout_gridville, erik_lair_island,
          kennysheep_orc_monster_closet_entryway, kennysheep_generic_room_5
D:12:     due_chaos_kobolds, layout_basic, minmay_ruined_shrine, uniq_psyche
Orc:1:    layout_caves, serial_shops, shop, basic_altar
Orc:2:    st_orc_pillars, layout_caves, serial_shops, shop, bh_open_orc_temple

Skill      XL: |  1  2  3  4  5  6  7  8  9 10 11 12 13 |
---------------+----------------------------------------+-----
Fighting       | 1 2 4 5 7 9 10 | 10.7
Unarmed Combat | 3 4 5 8 10 13 15 | 15.8
Transmutations | 2 3 4 7 |  7.9
Spellcasting   | 3 4 |  4.1
Ice Magic      | 3 4 |  4.8
Dodging        | 5 |  5.0

Action                   |  1- 3 |  4- 6 |  7- 9 | 10-12 | 13-15 || total
-------------------------+-------+-------+-------+-------+-------++-------
Melee: Unarmed           |   160 |   242 |   375 |   444 |   105 ||  1326
       Kick              |    14 |    48 |    69 |       |       ||   131
       Headbutt          |    12 |    21 |    44 |       |       ||    77
       Punch             |     3 |     3 |    11 |       |       ||    17
       War axe           |       |       |    17 |     4 |     2 ||    23
 Cast: Beastly Appendage |    22 |    32 |    28 |       |       ||    82
       Wereblood         |       |    11 |    14 |    26 |     3 ||    54
       Scorch            |       |     2 |    23 |     3 |       ||    28
       Ice Form          |       |       |    14 |    47 |     7 ||    68
Evoke: Wand              |       |       |       |     2 |       ||     2
  Use: Scroll            |     2 |     5 |     7 |     9 |       ||    23
       Potion            |     1 |     1 |     2 |     4 |     3 ||    11
 Stab: Sleeping          |     1 |     3 |     2 |       |       ||     6
Armor: Robe              |    41 |    68 |     3 |       |       ||   112
       Leather armour    |       |       |   100 |     4 |       ||   104
       Skin              |       |       |    66 |   165 |    17 ||   248
Dodge: Dodged            |   117 |   214 |   230 |   321 |    62 ||   944

Table legend: (Time is in decaauts)
 A = Elapsed time spent in this place.
 B = Non-inter-level travel time spent in this place.
 C = Inter-level travel time spent in this place.
 D = Time resting spent in this place.
 E = Time spent auto-exploring this place.
 F = Levels seen in this place.
 G = Mean time per level.
                   A        B        C        D        E       F      G
               +--------+--------+--------+--------+--------+-----+--------+
         Total |  17553 |  16911 |    642 |   1554 |  11805 |  15 | 1170.2 |
       Dungeon |  15245 |  14611 |    634 |   1383 |  10489 |  12 | 1270.4 |
  Orcish Mines |   1407 |   1399 |      8 |    158 |    737 |   2 |  703.5 |
         Sewer |    900 |    900 |      0 |     13 |    579 |   1 |  900.0 |
               +--------+--------+--------+--------+--------+-----+--------+

Top non-repeatable levels by time:
     D:1: 1812 daAuts
    D:12: 1527 daAuts
     D:5: 1499 daAuts
     D:2: 1357 daAuts
     D:8: 1345 daAuts
    D:10: 1311 daAuts
     D:4: 1166 daAuts
    D:11: 1163 daAuts
     D:3: 1152 daAuts
   Orc:2: 1109 daAuts
     D:9: 1062 daAuts
     D:6: 1036 daAuts
   Sewer: 900 daAuts
     D:7: 809 daAuts
   Orc:1: 298 daAuts
